 Dungeon Sprint DCSS version 0.31.0-32-g396128a36d (webtiles) character file.

Game seed: 12851241777851936091

5600000 James the Axe Maniac (level 27, -25/249 HPs)
             Began as a Formicid Fighter on Mar 16, 2024.
             Was the Champion of Makhleb.
             Annihilated by The Servant
             ... wielding a +9 glaive of flaming
              (119 damage)
             ... in the Dungeon (Sprint VIII: "Arena of Blood").
             The game lasted 00:03:56 (56 turns).

James the Axe Maniac (Formicid Fighter)               Turns: 56, Time: 00:03:57

Health: -25/249    AC: 13    Str: 33    XL:     27
Magic:  21/54      EV: 23    Int: 10    God:    Makhleb [******]
Gold:   0          SH: 11    Dex: 13    Spells: 80/80 levels left

rFire   . . .        h - +∞ Axe of Woe
rCold   . . .        c - +0 buckler
rNeg    . . .        b - +0 scale mail
rPois   .            (helmet unavailable)
rElec   .            (no cloak)
rCorr   .            (no gloves)
SInv    +            (no boots)
Will    ++...        (no amulet)
Stlth   ++++++++     i - +200 ring of slaying
HPRegen 0.61/turn    (no ring)
MPRegen 0.34/turn

%: no passive effects
@: no status effects
A: permanent stasis, dig shafts and tunnels, antennae 3, four strong arms
a: Dig, Renounce Religion, Minor Destruction, Lesser Servant of Makhleb, Major
Destruction, Greater Servant of Makhleb


You were in the Dungeon.
You worshipped Makhleb.
Makhleb was exalted by your worship.
You visited 1 branch

Inventory:

Hand Weapons
 a - a +0 war axe
 h - the +∞ Axe of Woe (weapon)
   (You found it in the Dungeon)
Armour
 b - a +0 scale mail (worn)
 c - a +0 buckler (worn)
Jewellery
 i - a +200 ring of slaying (left hand)
   (You took it off a vampire knight in the Dungeon)
Potions
 d - a potion of might
 e - a potion of curing {@q1}
 f - a potion of heal wounds {@q2}
 g - 2 potions of magic


   Skills:
 O Level 27 Fighting
 + Level 22.1(25.6) Short Blades
 + Level 22.2(25.6) Long Blades
 O Level 27 Axes
 + Level 22.1 Staves
 O Level 27 Ranged Weapons
 + Level 22.1 Throwing
 O Level 27 Armour
 O Level 27 Dodging
 O Level 27 Stealth
 O Level 27 Shields
 + Level 20.7 Unarmed Combat
 O Level 27 Spellcasting
 + Level 19.1 Conjurations
 + Level 24.1 Hexes
 + Level 20.7 Summonings
 + Level 20.7 Necromancy
 + Level 19.1 Translocations
 + Level 20.7 Fire Magic
 + Level 20.7 Ice Magic
 + Level 17.7 Air Magic
 + Level 24.1 Earth Magic
 + Level 26.0 Alchemy
 O Level 27 Invocations
 O Level 27 Evocations
 + Level 20.7 Shapeshifting


You had 80 spell levels left.
You didn't know any spells.
Your spell library was empty.

Dungeon Overview and Level Annotations

Branches:
Dungeon (1/1)

Altars:
Makhleb

Annotations:
D The Servant


Innate Abilities, Weirdness & Mutations

You cannot be hasted, slowed, berserked, paralysed or teleported.
You can dig through walls and to a lower floor.
You have a pair of large antennae on your head. (SInv)
Your four strong arms can wield two-handed weapons with a shield.


Message History

The Servant is engulfed in blazing flames.
The Servant hits you from afar with a +9 glaive of flaming!!!!
Ouch! That really hurt!
* * * LOW HITPOINT WARNING * * *
The Servant burns you!!
* * * LOW HITPOINT WARNING * * *
The destroyer points at you and mumbles some strange words.
The destroyer blinks!
A bag of meat comes into view. It is wielding a +9 war axe.
Your base Short Blades skill increases to level 22!
Your base Long Blades skill increases to level 22!
Your Staves skill increases to level 22!
Your Throwing skill increases to level 22!
Your Conjurations skill increases to level 19!
Your Hexes skill increases to level 24!
Your Translocations skill increases to level 19!
Your Earth Magic skill increases to level 24!
Your Alchemy skill increases to level 26!
Unknown command.
Unknown command.
Unknown command.
Unknown command.
The bag of meat shouts!
You chop the destroyer into pieces!!!
You cleave the destroyer in twain.
You destroy the destroyer!
Makhleb accepts your kill.
You feel better.
You chop the bag of meat into pieces!!!!
You butcher the bag of meat messily.
You kill the bag of meat!
Makhleb accepts your kill.
You hit the bag of meat.
You pulverise the bag of meat into a thin bloody mist.
You kill the bag of meat!
Makhleb accepts your kill.
You feel better.
You carve the bag of meat like a ham!!!
You hew the bag of meat violently.
You kill the bag of meat!
Makhleb accepts your kill.
You feel better.
You slice the bag of meat like a ripe choko!!!!
You hew the bag of meat violently.
You kill the bag of meat!
Makhleb accepts your kill.
You feel better.
You hear a shout!
The tyrant casts a spell.
A meat berserker comes into view. It is wielding a +9 battleaxe.
The Servant hits you from afar with a +9 glaive of flaming!!!!
You die...

...#.... #.... ..#{{
.#O.....###.... ..###.
..oooo.......###......
...oo#o......._......
o..#O......#.{M..#
#......°...#_.<._#
.,#..Mo@..#..O..#.
....#.))§)..._......
.......○@Ooo)###......
.......O###Oo.....###.
....X..X.{#o......#{
.........{#.{o{...#
o#..XXL.{{...{o....
#.#.#...........O..
.#.#...O..o...{{Mo.
.#.#..o ...o..o


You could see an accursed, a tyrant, The Servant, 4 large bags of meat, 4 large
abominations, 3 meat berserkers and 12 bags of meat.

Vanquished Creatures
  6 vampire knights (D)
  23 ogres (D)
  3 two-headed ogres (D)
  60 orcs (D)
  3 skeletal warriors (D)
95 creatures vanquished.

Notes
Turn   | Place    | Note
-------+----------+-------------------------------------------
     0 | D        | Found the +∞ Axe of Woe
     0 | D        | James the Formicid Fighter began the quest for the Orb.
     0 | D        | Reached XP level 1. HP: 18/18 MP: 1/1
     4 | D        | Became a worshipper of Makhleb the Destroyer
     6 | D        | Noticed a bag of meat
     7 | D        | Noticed a bag of meat
     7 | D        | Noticed a bag of meat
     7 | D        | Noticed a meat berserker
     8 | D        | Noticed a bag of meat
     9 | D        | Killed a bag of meat
     9 | D        | Noticed a meat berserker
     9 | D        | Noticed a bag of meat
     9 | D        | Noticed a bag of meat
     9 | D        | Noticed a bag of meat
     9 | D        | Noticed a meat berserker
    10 | D        | Reached XP level 2. HP: 24/24 MP: 2/2
    10 | D        | Reached XP level 3. HP: 29/29 MP: 3/3
    10 | D        | Reached XP level 4. HP: 35/35 MP: 4/4
    10 | D        | Reached XP level 5. HP: 41/41 MP: 5/5
    10 | D        | Reached XP level 6. HP: 47/47 MP: 6/6
    10 | D        | Reached XP level 7. HP: 52/52 MP: 7/7
    10 | D        | Reached XP level 8. HP: 58/58 MP: 8/8
    10 | D        | Reached XP level 9. HP: 64/64 MP: 9/9
    10 | D        | Reached XP level 10. HP: 70/70 MP: 10/10
    10 | D        | Reached XP level 11. HP: 75/75 MP: 11/11
    10 | D        | Killed a meat berserker
    10 | D        | Reached * piety under Makhleb
    10 | D        | Killed a bag of meat
    11 | D        | Reached skill level 27 in Axes
    11 | D        | Reached skill level 10 in Fighting
    11 | D        | Reached skill level 10 in Armour
    11 | D        | Reached XP level 12. HP: 99/99 MP: 11/20
    11 | D        | Reached XP level 13. HP: 105/105 MP: 11/21
    11 | D        | Killed a bag of meat
    11 | D        | Noticed a meat berserker
    12 | D        | Reached skill level 10 in Dodging
    12 | D        | Reached XP level 14. HP: 116/116 MP: 11/23
    12 | D        | Noticed a meat berserker
    12 | D        | Noticed a bag of meat
    12 | D        | Noticed a meat berserker
    12 | D        | Noticed a meat berserker
    12 | D        | Noticed a bag of meat
    12 | D        | Noticed a bag of meat
    12 | D        | Noticed a meat berserker
    13 | D        | Noticed a bag of meat
    13 | D        | Noticed a meat berserker
    14 | D        | Noticed a bag of meat
    14 | D        | Noticed a bag of meat
    14 | D        | Noticed a bag of meat
    14 | D        | Noticed a meat berserker
    15 | D        | Noticed a meat berserker
    15 | D        | Noticed a bag of meat
    15 | D        | Noticed a meat berserker
    15 | D        | Noticed a meat berserker
    15 | D        | Noticed a bag of meat
    15 | D        | Noticed a bag of meat
    15 | D        | Noticed a bag of meat
    15 | D        | Noticed a bag of meat
    16 | D        | Killed a meat berserker
    16 | D        | Reached ** piety under Makhleb
    16 | D        | Killed a bag of meat
    16 | D        | Killed a meat berserker
    16 | D        | Killed a meat berserker
    16 | D        | Reached *** piety under Makhleb
    17 | D        | Reached skill level 15 in Dodging
    17 | D        | Reached XP level 15. HP: 137/137 MP: 11/28
    17 | D        | Reached XP level 16. HP: 144/144 MP: 11/29
    17 | D        | Killed a meat berserker
    18 | D        | Killed a meat berserker
    18 | D        | Killed a meat berserker
    18 | D        | Reached **** piety under Makhleb
    19 | D        | Reached XP level 17. HP: 160/160 MP: 12/32
    19 | D        | Killed a meat berserker
    20 | D        | Killed a meat berserker
    20 | D        | Reached ***** piety under Makhleb
    21 | D        | Reached skill level 27 in Shields
    21 | D        | Reached XP level 18. HP: 175/175 MP: 12/35
    21 | D        | Killed a meat berserker
    21 | D        | Killed a meat berserker
    21 | D        | Noticed a destroyer
    22 | D        | Reached skill level 27 in Fighting
    22 | D        | Reached skill level 27 in Armour
    22 | D        | Reached skill level 27 in Invocations
    22 | D        | Reached XP level 19. HP: 189/189 MP: 12/36
    22 | D        | Killed a meat berserker
    23 | D        | Reached skill level 27 in Dodging
    23 | D        | Reached skill level 10 in Stealth
    23 | D        | Killed a meat berserker
    23 | D        | Noticed a large bag of meat
    24 | D        | Reached skill level 10 in Ranged Weapons
    24 | D        | Reached skill level 10 in Spellcasting
    24 | D        | Reached ****** piety under Makhleb
    24 | D        | Noticed a meat berserker
    25 | D        | Reached skill level 15 in Evocations
    25 | D        | Reached XP level 20. HP: 197/197 MP: 13/38
    25 | D        | Noticed a meat berserker
    25 | D        | Noticed a destroyer
    25 | D        | Noticed a meat berserker
    26 | D        | Reached skill level 15 in Ranged Weapons
    26 | D        | Killed a destroyer
    27 | D        | Reached XP level 21. HP: 204/204 MP: 13/43
    28 | D        | Killed a destroyer
    28 | D        | Noticed a large bag of meat
    29 | D        | Reached skill level 27 in Stealth
    30 | D        | Reached XP level 22. HP: 212/212 MP: 14/50
    31 | D        | Reached skill level 27 in Evocations
    31 | D        | Killed a meat berserker
    32 | D        | Reached skill level 27 in Ranged Weapons
    32 | D        | Reached skill level 27 in Spellcasting
    32 | D        | Reached skill level 5 in Hexes
    32 | D        | Reached skill level 5 in Earth Magic
    32 | D        | Killed a meat berserker
    32 | D        | Killed a meat berserker
    32 | D        | Noticed a large bag of meat
    33 | D        | Reached XP level 23. HP: 219/219 MP: 14/54
    33 | D        | Noticed The Servant
    35 | D        | Killed a large bag of meat
    35 | D        | Noticed a destroyer
    36 | D        | Reached skill level 10 in Short Blades
    36 | D        | Reached skill level 10 in Long Blades
    36 | D        | Reached skill level 10 in Staves
    36 | D        | Reached skill level 10 in Throwing
    37 | D        | Killed a large bag of meat
    38 | D        | Reached skill level 10 in Unarmed Combat
    38 | D        | Reached skill level 10 in Summonings
    38 | D        | Reached skill level 10 in Necromancy
    38 | D        | Reached skill level 10 in Fire Magic
    38 | D        | Reached skill level 10 in Ice Magic
    38 | D        | Reached skill level 10 in Shapeshifting
    38 | D        | Noticed a large bag of meat
    40 | D        | Reached skill level 10 in Conjurations
    40 | D        | Reached skill level 10 in Translocations
    40 | D        | Reached XP level 24. HP: 192/227 MP: 17/54
    43 | D        | Reached skill level 10 in Air Magic
    43 | D        | Reached skill level 15 in Alchemy
    43 | D        | Killed a large bag of meat
    44 | D        | Reached skill level 15 in Hexes
    44 | D        | Reached skill level 15 in Earth Magic
    44 | D        | Noticed a destroyer
    45 | D        | Noticed a large bag of meat
    47 | D        | Reached skill level 15 in Short Blades
    47 | D        | Reached skill level 15 in Long Blades
    47 | D        | Reached skill level 15 in Staves
    47 | D        | Reached skill level 15 in Throwing
    47 | D        | Reached XP level 25. HP: 224/234 MP: 18/54
    47 | D        | Noticed a destroyer
    47 | D        | Noticed an accursed
    47 | D        | Noticed a large bag of meat
    49 | D        | Reached skill level 15 in Unarmed Combat
    49 | D        | Reached skill level 15 in Summonings
    49 | D        | Reached skill level 15 in Necromancy
    49 | D        | Reached skill level 15 in Fire Magic
    49 | D        | Reached skill level 15 in Ice Magic
    49 | D        | Reached skill level 15 in Shapeshifting
    49 | D        | Noticed an accursed
    49 | D        | Noticed an accursed
    49 | D        | Noticed a large bag of meat
    50 | D        | Reached skill level 15 in Conjurations
    50 | D        | Reached skill level 15 in Translocations
    50 | D        | Reached XP level 26. HP: 229/242 MP: 19/54
    50 | D        | Killed a destroyer
    52 | D        | Reached skill level 15 in Air Magic
    52 | D        | Noticed a destroyer
    52 | D        | Noticed a large bag of meat
    52 | D        | Killed a destroyer
    53 | D        | Reached XP level 27. HP: 228/249 MP: 20/54
    53 | D        | Noticed a tyrant
    54 | D        | Killed a destroyer
    54 | D        | Noticed a large bag of meat
    56 | D        | Killed a destroyer
    56 | D        | Annihilated by The Servant

Illustrated notes

Levels and vault maps discovered:
D:        meatsprint

Skill      XL: |  1  2  3  4  5  6  7  8  9 10 11 12 13 14 15 16 17 18 19 20 21 22 23 24 25 26 27 |
---------------+----------------------------------------------------------------------------------+-----
Axes           | 24 27 | 27.0
Fighting       | 10 12 18 21 24 27 | 27.0
Armour         | 10 12 18 21 24 27 | 27.0
Dodging        | 8 10 15 18 21 25 27 | 27.0
Shields        | 12 14 21 25 27 | 27.0
Invocations    | 11 12 19 23 26 27 | 27.0
Ranged Weapons | 14 18 24 27 | 27.0
Stealth        | 18 23 27 | 27.0
Spellcasting   | 14 18 24 27 | 27.0
Evocations     | 15 20 26 27 | 27.0
Short Blades   | 8 11 15 17 20 22 | 22.1
Long Blades    | 8 11 15 18 20 22 | 22.2
Staves         | 8 11 15 17 20 22 | 22.1
Throwing       | 8 11 15 18 20 22 | 22.1
Unarmed Combat | 7 11 14 16 19 20 | 20.7
Conjurations   | 6 10 13 15 17 19 | 19.1
Hexes          | 9 13 16 19 22 24 | 24.1
Summonings     | 7 11 14 16 19 20 | 20.7
Necromancy     | 7 11 14 16 19 20 | 20.7
Translocations | 6 10 13 15 17 19 | 19.1
Fire Magic     | 7 11 14 16 19 20 | 20.7
Ice Magic      | 7 11 14 16 19 20 | 20.7
Air Magic      | 6 9 12 14 16 17 | 17.7
Earth Magic    | 9 13 16 19 22 24 | 24.1
Alchemy        | 9 14 18 21 24 26 | 26.0
Shapeshifting  | 7 11 14 16 19 20 | 20.7

Action                     |  1- 3 |  4- 6 |  7- 9 | 10-12 | 13-15 | 16-18 | 19-21 | 22-24 | 25-27 || total
---------------------------+-------+-------+-------+-------+-------+-------+-------+-------+-------++-------
  Melee: Executioner's axe |     1 |       |       |     1 |     2 |     5 |     8 |    12 |     9 ||    38
 Armour: Scale mail        |       |       |       |       |       |       |       |    11 |    12 ||    23
  Block: Buckler           |       |       |       |       |       |       |       |     2 |     1 ||     3
